 Dungeon Crawl Stone Soup version 0.31-a0-108-gdf935468f2 (webtiles) character file.

Game seed: 13005141635553640699

16935 Drazool the Cleaver (level 11, -8/85 (95) HPs)
             Began as an Armataur Fighter on May 27, 2023.
             Was an Elder of Ru.
             Mangled by a minotaur
             ... wielding the +7 morningstar of Indomitability {freeze, Str+3}
              (18 damage)
             ... in a Gauntlet.
             The game lasted 00:45:15 (10810 turns).

Drazool the Cleaver (Armataur Fighter)             Turns: 10810, Time: 00:45:16

HP:   -8/85 (95)    AC: 26    Str: 37    XL:     11   Next: 14%
MP:   0/11          EV:  8    Int:  5    God:    Ru [****..]
Gold: 694           SH:  4    Dex:  9    Spells: 10/10 levels left

rFire   x . .        a - +0 war axe (vamp)
rCold   + . .        c - +0 buckler
rNeg    . . .        n - +7 plate armour of Compassion {Rampage rPois Int-2}
rPois   +            g - +2 helmet
rElec   .            z - +2 cloak {Will+}
rCorr   .            y - +2 pair of gloves
SInv    .            (no barding)
Will    +....        p - amulet of guardian spirit Stlth
                     S - +6 ring of strength
HPRegen 0.34/turn    Q - ring of the Elephant {Ice Str+5 Int-2}
MPRegen 0.12/turn

%: no teleportation, guardian spirit, roll
@: exhausted, heavily drained, invisible
A: large, rugged brown scales 3, deformed body, no fire magic, no hexes magic,
no necromancy magic, unskilled 1, inexperienced 1, armoured tail, roll, long
tongue, awkward tongue
a: Renounce Religion, Draw Out Power, Power Leap


You were in a Gauntlet.
You worshipped Ru.
Ru was greatly pleased with you.
You visited 3 branches of the dungeon, and saw 13 of its levels.
You also visited: Bailey and Gauntlet.

You collected 694 gold pieces.


Innate Abilities, Weirdness & Mutations

You are completely covered in rugged brown scales. (AC +3, +7% HP)
Armour fits poorly on your strangely shaped body.
You cannot study or cast Fire magic.
You cannot study or cast Hexes magic.
You cannot study or cast Necromancy magic.
You are somewhat unskilled. (-1 Apt)
You are somewhat inexperienced. (-1 XL)
You have a long armoured tail.
You roll when moving toward enemies. (Rampage)
Your long tongue fully drains potion bottles. (2x potion effects)
Your tongue gives you trouble enunciating. (1.5x scroll delay)


   Skills:
 - Level 6.0 Fighting
 - Level 9.7(10.6) Axes
 - Level 7.2(10.0) Maces & Flails
 - Level 3.6 Throwing
 - Level 5.0 Armour
 + Level 7.0 Dodging
 - Level 3.0 Shields


You had 10 spell levels left.
You didn't know any spells.
Your spell library contained the following spells:

 Spells                   Type           Power      Damage    Failure   Level
 Apportation              Tloc           0%         N/A       98%         1
 Sting                    Tmut/Pois      0%         1d3       98%         1
 Poisonous Vapours        Pois/Air       0%         N/A       99%         2
 Wereblood                Tmut           0%         N/A       99%         2
 Gell's Gravitas          Tloc           0%         N/A       100%        3
 Teleport Other           Tloc           0%         N/A       100%        3
 Olgreb's Toxic Radiance  Pois           0%         N/A       100%        4
 Passage of Golubria      Tloc           0%         N/A       100%        4
 Alistair's Intoxication  Tmut/Pois      0%         N/A       100%        5
 Blade Hands              Tmut           0%         N/A       100%        5
 Dispersal                Tloc           0%         N/A       100%        6
 Summon Hydra             Summ           0%         N/A       100%        7
 Sublimation of Blood     Necr           Unusable   N/A       N/A         2
 Portal Projectile        Hex/Tloc       Unusable   N/A       N/A         3
 Tukima's Dance           Hex            Unusable   N/A       N/A         3
 Yara's Violent Unravell  Hex/Tmut       Unusable   3d3       N/A         5

Inventory:

Hand Weapons
 a - a +0 vampiric war axe (weapon)
 b - a +1 morningstar of holy wrath
 e - a +0 flail of holy wrath
 B - a +1 flail of chaos
 I - a +0 battleaxe of electrocution
 J - a +3 battleaxe
Missiles
 q - 9 javelins
 C - 11 boomerangs (quivered)
 H - 40 poisoned darts
Armour
 c - a +0 buckler (worn)
 g - a +2 helmet (worn)
 k - a scarf of harm
 n - the +7 plate armour of Compassion (worn) {Rampage rPois Int-2}
   (You found it on level 3 of the Dungeon)

   Int:       It affects your intelligence (-2).
   rPois:     It protects you from poison.
   Rampage:   It bestows one free step when moving towards enemies.
 t - a +0 scale mail
 y - a +2 pair of gloves (worn)
 z - a +2 cloak of willpower (worn)
Magical Staves
 K - a staff of poison {!a}
 M - a staff of conjuration {!a}
Jewellery
 p - an amulet of guardian spirit (around neck)
 Q - the ring of the Elephant (right hand) {Ice Str+5 Int-2}
   (You found it in a Gauntlet)

   [ring of ice]

   It enhances your ice magic.
   Str:       It affects your strength (+5).
   Int:       It affects your intelligence (-2).
   rF:        It makes you vulnerable to fire.
   rC:        It protects you from cold.
 S - a +6 ring of strength (left hand)
Wands
 r - a wand of polymorph (11)
 u - a wand of mindburst (28)
 A - a wand of acid (10)
 F - a wand of iceblast (13)
Scrolls
 i - 2 scrolls of fear
 s - a scroll of enchant weapon
 w - 5 scrolls of teleportation {@r2}
 D - a scroll of amnesia
 E - a scroll of poison
 N - a scroll of silence {!r}
 O - a scroll of enchant armour
Potions
 d - a potion of magic {unknown}
 f - 6 potions of enlightenment
 h - 3 potions of haste {unknown}
 j - a potion of mutation {unknown}
 l - a potion of degeneration {unknown}
 m - 5 potions of brilliance
 o - 2 potions of lignification {unknown}
 x - a potion of invisibility
 G - 4 potions of curing {@q1}
 L - a potion of berserk rage {unknown}
 P - a potion of resistance {unknown}

Dungeon Overview and Level Annotations

Branches:
Dungeon (11/15)            Temple (1/1) D:5            Lair (1/5) D:8
    Orc (0/2) D:10         Bailey (visited)         Gauntlet (1/1)

Altars:
Ashenzari
Cheibriados
Dithmenos
Elyvilon
Fedhas
Gozag
Hepliaklqana
Kikubaaqudgha
Makhleb
Nemelex Xobeh
Okawaru
Qazlal
Ru
Sif Muna
Trog
Uskayaw
Vehumet
Wu Jian
Xom
Yredelemnul
Zin
The Shining One

Shops:
D:11 ?

Annotations:
D:7 frimble's ghost, novice OpWr
D:8 3 runed translucent doors, snackwell's ghost, novice MeEE Gauntlet 4 transporters, 1 runed translucent door

▓▓≈...............≈▓▓
▓▓▓▓▓.▓▓▓.▓▓▓.▓▓▓▓▓
▓.▓▓▓.▓▓▓.▓▓▓
...........▓
▓.▓▓▓.▓▓▓.▓▓▓.▓
▓.............▓
▓▓▓▓###4####▓▓▓
##.### #5H@.# +⌠...#
#...⌠+ #.⌠..# ##+###


You could see a minotaur (unable to see you, ally target), a friendly rust devil
(summoned) and a friendly ufetubus (summoned).


Message History

You hit the minotaur but do no damage.
The minotaur is heavily wounded.
You block the minotaur's attack.
The minotaur gores you but does no damage.
Unknown command.
You slash the minotaur!
You tail-slap the minotaur, but do no damage.
The minotaur is severely wounded.
The minotaur hits you with the +7 morningstar of Indomitability {freeze, Str+3}!!!
* * * LOW HITPOINT WARNING * * *
The minotaur freezes you.
* * * LOW HITPOINT WARNING * * *
The minotaur gores you but does no damage.
Use which ability? (? or * to list)
You are restored by drawing out deep reserves of power within.
You feel drained.
The minotaur hits you with the +7 morningstar of Indomitability {freeze, Str+3}!!
* * * LOW HITPOINT WARNING * * *
The minotaur freezes you.
* * * LOW HITPOINT WARNING * * *
The minotaur barely misses you.
You hit the minotaur but do no damage.
Your tail-slap misses the minotaur.
The minotaur is severely wounded.
The minotaur completely misses you.
The minotaur gores you but does no damage.
Unknown command.
As you slowly read the scroll of summoning, it crumbles to dust.
Wisps of shadow whirl around you...
The minotaur hits you with the +7 morningstar of Indomitability {freeze, Str+3}!!
You die...

Skill      XL: |  1  2  3  4  5  6  7  8  9 10 11 |
---------------+----------------------------------+-----
Maces & Flails | 2 3 4 6 7 |  7.2
Axes           | 1 4 10 9 |  9.7
Throwing       | 3 |  3.6
Fighting       | 6 |  6.0
Armour         | 5 |  5.0
Dodging        | 6 7 |  7.0
Shields        | |  3.0

Action                     |  1- 3 |  4- 6 |  7- 9 | 10-12 || total
---------------------------+-------+-------+-------+-------++-------
  Melee: Flail             |   133 |   132 |   133 |   120 ||   518
         Tailslap          |    13 |    15 |    56 |    46 ||   130
         War axe           |       |     5 |   401 |   290 ||   696
  Throw: Javelin           |       |     5 |     2 |       ||     7
         Boomerang         |       |       |    67 |    10 ||    77
 Invoke: Sacrifice Experie |       |       |     1 |       ||     1
         Sacrifice Skill   |       |       |     1 |       ||     1
         Draw Out Power    |       |       |       |     4 ||     4
         Sacrifice Arcana  |       |       |       |     1 ||     1
  Evoke: Wand              |       |       |     4 |     1 ||     5
    Use: Scroll            |     4 |     5 |    11 |     5 ||    25
         Potion            |       |       |     1 |     3 ||     4
   Stab: Invisible         |       |       |       |     3 ||     3
         Distracted        |       |       |       |     1 ||     1
         Petrifying        |       |       |       |     1 ||     1
         Petrified         |       |       |       |     1 ||     1
 Armour: Scale mail        |    74 |     1 |       |       ||    75
         Plate armour      |       |    95 |   312 |   368 ||   775
  Dodge: Dodged            |    51 |    27 |    93 |   115 ||   286
  Block: Buckler           |    22 |    14 |    82 |    65 ||   183

Levels and vault maps discovered:
D:1:      wander_arrival_lonely_grave, layout_loops_cross,
          shapermc_ecumenical_altar_flowoftime, minivault_26
D:2:      layout_rooms, basic_altar
D:3:      layout_basic, grunt_temple_overflow_opulence, fedhas_altar_4,
          amethyst_overflow_temple_binary
D:4:      layout_basic, serial_bayou_lake_a
D:5:      cheibrodos_thug_alley, layout_gridville, minmay_temple_entry_wispy,
          kennysheep_doodads
D:6:      layout_rooms, gammafunk_temple_overflow_forgotten,
          small_statue_alley_b, nicolae_grassy_gnolls
D:7:      layout_gridville, lemuel_doored_altar, biasface_ghost_orc_armoury,
          enter_bailey_6
D:8:      layout_basic, due_lair_maze_entry_diamond, ebering_ghost_rock_garden,
          uniq_prince_ribbit1
D:9:      layout_basic
D:10:     layout_rooms, zombieorc2_lemuel,
          nicolae_concentric_dashed_squares_wild
D:11:     layout_basic, serial_shops, shop, tso_metal_star
Temple:   cyrus_circular_temple
Lair:1:   layout_cave_shapes, gauntlet_entry_generic
Gauntlet: gammafunk_gauntlet_77_escape_option
          [minmay_gauntlet_arena_77_tiled_triplets,
          minmay_gauntlet_arena_77_path, minmay_gauntlet_arena_77_cramped,
          minmay_gauntlet_arena_77_broken_ladder,
          minmay_gauntlet_arena_77_two_paths, gauntlet_exit_hidden_loot]

Notes
Turn   | Place    | Note
-------+----------+-------------------------------------------
     0 | D:1      | Drazool the Armataur Fighter began the quest for the Orb.
     0 | D:1      | Reached XP level 1. HP: 19/19 MP: 1/1
    42 | D:1      | Reached skill level 2 in Maces & Flails
   201 | D:1      | Reached XP level 2. HP: 26/26 MP: 2/2
   499 | D:1      | Found a faded altar of an unknown god.
   811 | D:2      | Reached skill level 3 in Maces & Flails
   898 | D:2      | Reached XP level 3. HP: 26/32 MP: 3/3
  1122 | D:2      | Found a broken altar of Ashenzari.
  1340 | D:3      | Reached skill level 4 in Maces & Flails
  1340 | D:3      | Reached XP level 4. HP: 33/39 MP: 4/4
  1472 | D:3      | Identified the +7 plate armour of Compassion {Rampage rPois
                  | Int-2}
  1708 | D:3      | Found an opulent altar of Gozag.
  1709 | D:3      | Found a sparkling altar of Nemelex Xobeh.
  2044 | D:3      | Found a blossoming altar of Fedhas.
  2084 | D:3      | Found a white marble altar of Elyvilon.
  2091 | D:3      | Found a shimmering altar of Xom.
  2520 | D:3      | Reached XP level 5. HP: 38/44 MP: 5/5
  2549 | D:4      | Reached skill level 5 in Maces & Flails
  3036 | D:5      | Entered Level 5 of the Dungeon
  3223 | D:5      | Noticed a black bear
  3228 | D:5      | Killed a black bear
  3229 | D:5      | Reached skill level 6 in Maces & Flails
  3229 | D:5      | Reached XP level 6. HP: 38/53 MP: 4/6
  3753 | D:5      | Noticed a water moccasin
  3756 | D:5      | Reached skill level 1 in Axes
  3756 | D:5      | Reached XP level 7. HP: 59/59 MP: 7/7
  3759 | D:5      | Reached skill level 2 in Axes
  3774 | D:5      | Reached skill level 3 in Axes
  3871 | D:5      | Found a staircase to the Ecumenical Temple.
  3878 | Temple   | Entered the Ecumenical Temple
  3935 | Temple   | Became a worshipper of Ru the Awakened
  4104 | D:5      | Reached skill level 4 in Axes
  4224 | D:6      | Reached XP level 8. HP: 66/66 MP: 8/8
  4266 | D:6      | Reached skill level 5 in Axes
  4343 | D:6      | Found a shimmering blue altar of Sif Muna.
  4343 | D:6      | Found an iron altar of Okawaru.
  4343 | D:6      | Found a glowing silver altar of Zin.
  4360 | D:6      | Reached skill level 6 in Axes
  4888 | D:7      | Found a basalt altar of Yredelemnul.
  4936 | D:7      | Found a runed translucent gate.
  4937 | D:7      | Found a runed translucent gate.
  4937 | D:7      | Noticed frimble's ghost (novice OpWr)
  4938 | D:7      | Found a runed translucent gate.
  4938 | D:7      | Identified the +8 plate armour of the Dull Wumpus {Dex+4}
  4981 | D:7      | Reached skill level 7 in Axes
  5189 | D:7      | Found a flagged portal.
  5222 | Bailey   | Entered a bailey
  5282 | Bailey   | Gained mutation: You are somewhat inexperienced. (-1 XL)
                  | [Ru sacrifice]
  5282 | Bailey   | Reached XP level 7. HP: 59/59 MP: 7/7
  5282 | Bailey   | Reached * piety under Ru
  5508 | Bailey   | Reached XP level 8. HP: 63/66 MP: 8/8
  5530 | Bailey   | Reached skill level 8 in Axes
  5883 | D:7      | Reached skill level 9 in Axes
  6490 | D:7      | Reached skill level 10 in Axes
  6756 | D:8      | Reached XP level 9. HP: 72/72 MP: 9/9
  6820 | D:8      | Reached skill level 1 in Throwing
  6823 | D:8      | Noticed Prince Ribbit
  6831 | D:8      | Killed Prince Ribbit
  6832 | D:8      | Reached skill level 2 in Throwing
  6855 | D:8      | Found a staircase to the Lair.
  6914 | D:8      | Reached skill level 3 in Throwing
  7244 | D:8      | Reached skill level 4 in Throwing
  7506 | D:8      | Reached skill level 3 in Fighting
  7538 | D:8      | Gained mutation: You are somewhat unskilled. (-1 Apt) [Ru
                  | sacrifice]
  7538 | D:8      | Reduced skill Axes to level 9
  7538 | D:8      | Reduced skill Throwing to level 3
  7538 | D:8      | Reached ** piety under Ru
  7538 | D:8      | Reached *** piety under Ru
  7594 | D:8      | Found a runed translucent gate.
  7594 | D:8      | Found a runed translucent gate.
  7686 | D:8      | Found a runed translucent gate.
  7686 | D:8      | Noticed snackwell's ghost (novice MeEE)
  7814 | D:9      | Reached skill level 4 in Fighting
  7862 | D:9      | Reached skill level 5 in Fighting
  7901 | D:9      | Noticed a two-headed ogre
  7907 | D:9      | Killed a two-headed ogre
  7908 | D:9      | Reached skill level 6 in Fighting
  8427 | D:10     | Entered Level 10 of the Dungeon
  8499 | D:10     | Reached skill level 7 in Maces & Flails
  8499 | D:10     | Reached XP level 10. HP: 88/88 MP: 10/10
  8625 | D:10     | Reached skill level 4 in Armour
  8625 | D:10     | Reached skill level 1 in Dodging
  8803 | D:10     | Found a staircase to the Orcish Mines.
  9139 | D:11     | Reached skill level 5 in Armour
  9139 | D:11     | Reached skill level 2 in Dodging
  9370 | D:11     | Gained mutation: You cannot study or cast Fire magic. [Ru
                  | sacrifice]
  9370 | D:11     | Gained mutation: You cannot study or cast Hexes magic. [Ru
                  | sacrifice]
  9370 | D:11     | Gained mutation: You cannot study or cast Necromancy magic.
                  | [Ru sacrifice]
  9370 | D:11     | Reached **** piety under Ru
  9585 | D:11     | Reached skill level 3 in Dodging
  9756 | D:11     | Found Zaismoin's Magic Scroll Shoppe.
  9925 | Lair:1   | Entered Level 1 of the Lair of Beasts
  9948 | Lair:1   | Reached skill level 4 in Dodging
  9975 | D:8      | Reached skill level 5 in Dodging
 10142 | Lair:1   | Found a gate leading to a gauntlet.
 10153 | Gauntlet | Entered a Gauntlet
 10153 | Gauntlet | Found a transporter.
 10163 | Gauntlet | Found a transporter.
 10165 | Gauntlet | Found a transporter.
 10166 | Gauntlet | Found a transporter.
 10173 | Gauntlet | Found a runed translucent door.
 10176 | Gauntlet | Found a transporter.
 10176 | Gauntlet | Noticed a wizard
 10177 | Gauntlet | Found a transporter.
 10178 | Gauntlet | Found a transporter.
 10182 | Gauntlet | Found a runed translucent door.
 10182 | Gauntlet | Noticed a hell hog
 10184 | Gauntlet | Found a runed translucent door.
 10186 | Gauntlet | Found a transporter.
 10189 | Gauntlet | Found a transporter.
 10190 | Gauntlet | Found a transporter.
 10194 | Gauntlet | Noticed a dire elephant
 10198 | Gauntlet | Found a transporter.
 10221 | Gauntlet | Found a transporter.
 10222 | Gauntlet | Found a transporter.
 10224 | Gauntlet | Noticed a hell hog
 10230 | Gauntlet | Found a transporter.
 10459 | Gauntlet | Killed a wizard
 10498 | Gauntlet | Killed a hell hog
 10499 | Gauntlet | Reached skill level 6 in Dodging
 10515 | Gauntlet | Identified the ring of the Elephant {Ice Str+5 Int-2}
 10639 | Gauntlet | Reached XP level 11. HP: 84/95 MP: 7/11
 10695 | Gauntlet | Killed a hell hog
 10714 | Gauntlet | Reached skill level 7 in Dodging
 10787 | Gauntlet | Identified the +7 morningstar of Indomitability {freeze,
                  | Str+3}
 10787 | Gauntlet | Noticed a minotaur
 10810 | Gauntlet | Mangled by a minotaur

Vanquished Creatures
  A two-headed ogre (D:9)
  2 hell hogs (Gauntlet)
  2 elephants (Gauntlet)
  An unseen horror (D:11)
  2 komodo dragons (D:8)
  2 trolls (D:11)
  3 hornets
  2 polar bears (Lair:1)
  Prince Ribbit (D:8)
  A wraith (D:10)
  5 fire bats (Gauntlet)
  3 shadows
  2 basilisks
  22 yaks
  3 vampire mosquitoes (D:11)
  A warg (D:7)
  4 water moccasins
  4 hell hounds (Gauntlet)
  2 sky beasts (D:6)
  10 orc warriors
  4 black bears
  An ogre (D:6)
  2 phantoms
  5 kobold brigands
  4 bullfrogs
  5 scorpions
  3 troll zombies (D:10)
  30 wights
  7 killer bees
  2 howler monkeys
  2 hounds
  3 orc priests
  2 gnoll boudas (D:6)
  2 jellies
  4 iguanas
  A sleepcap (D:5)
  7 orc wizards
  5 ogre zombies (D:10)
  5 adders
  9 gnolls
  A shadow imp (D:6)
  A white imp (Gauntlet)
  3 worms
  3 dart slugs
  41 orcs
  5 bats
  7 endoplasms
  3 giant cockroaches
  9 goblins
  3 hobgoblins
  2 jackals (D:5)
  4 quokkas
  9 ball pythons
  4 frilled lizards
  A goblin skeleton (D:10)
  3 goblin zombies (D:10)
  A hobgoblin skeleton (D:10)
  4 hobgoblin zombies (D:10)
  51 kobolds
  5 orc skeletons (D:10)
  11 orc zombies (D:10)
  9 rats
356 creatures vanquished.

Vanquished Creatures (others)
  A wizard (Gauntlet)
  A manticore (D:11)
  A yak (Lair:1)
  An orc wizard (D:9)
  A shadow imp (Gauntlet)
5 creatures vanquished.

Grand Total: 361 creatures vanquished

Table legend: (Time is in decaauts)
 A = Elapsed time spent in this place.
 B = Non-inter-level travel time spent in this place.
 C = Inter-level travel time spent in this place.
 D = Time resting spent in this place.
 E = Time spent auto-exploring this place.
 F = Levels seen in this place.
 G = Mean time per level.
                   A        B        C        D        E       F      G
               +--------+--------+--------+--------+--------+-----+--------+
         Total |  10900 |  10505 |    395 |    931 |   6571 |  15 |  726.7 |
       Dungeon |   9616 |   9228 |    388 |    610 |   6199 |  11 |  874.2 |
        Temple |     64 |     57 |      7 |      0 |     34 |   1 |   64.0 |
          Lair |     65 |     65 |      0 |      0 |      5 |   1 |   65.0 |
        Bailey |    498 |    498 |      0 |     59 |    214 |   1 |  498.0 |
      Gauntlet |    655 |    655 |      0 |    262 |    119 |   1 |  655.0 |
               +--------+--------+--------+--------+--------+-----+--------+

Top non-repeatable levels by time:
     D:8: 1376 daAuts
     D:7: 1217 daAuts
     D:3: 1133 daAuts
     D:5: 1005 daAuts
     D:1: 776 daAuts
    D:11: 763 daAuts
     D:4: 752 daAuts
    D:10: 697 daAuts
     D:6: 679 daAuts
     D:9: 658 daAuts
Gauntlet: 655 daAuts
     D:2: 555 daAuts
  Bailey: 498 daAuts
  Lair:1: 65 daAuts
  Temple: 64 daAuts

Table legend:
 A = Non-vault XP
 B = Vault XP
 C = Vault XP percentage of total XP
 D = Non-vault monster count
 E = Vault monster count
 F = Vault count percentage of total count
                 A         B        C        D         E       F
            +---------+---------+-------+---------+---------+-------
      Total |   15938 |    8256 |  34.1 |     252 |     108 |  30.0
            +---------+---------+-------+---------+---------+-------
        D:1 |      23 |       0 |   0.0 |      16 |       0 |   0.0
        D:2 |      68 |       0 |   0.0 |      25 |       0 |   0.0
        D:3 |      60 |       0 |   0.0 |      23 |       0 |   0.0
        D:4 |     107 |       0 |   0.0 |      10 |       0 |   0.0
        D:5 |     937 |     112 |  10.7 |      21 |      10 |  32.3
        D:6 |     691 |     138 |  16.6 |      17 |       6 |  26.1
        D:7 |    1337 |     484 |  26.6 |      21 |      10 |  32.3
        D:8 |    3934 |    1109 |  22.0 |      53 |      10 |  15.9
        D:9 |    3048 |       0 |   0.0 |      29 |       0 |   0.0
       D:10 |    2074 |     762 |  26.9 |      20 |      35 |  63.6
       D:11 |    2210 |     107 |   4.6 |      10 |       1 |   9.1
     Lair:1 |    1449 |       0 |   0.0 |       7 |       0 |   0.0
     Bailey |       0 |     860 | 100.0 |       0 |      21 | 100.0
   Gauntlet |       0 |    4684 | 100.0 |       0 |      15 | 100.0
            +---------+---------+-------+---------+---------+-------
